 Dungeon Crawl Stone Soup version 0.21-a0-529-g8c7b3f5 (webtiles) character file.

82 Amnesiac the Magician (level 4, -2/26 HPs)
             Began as a Deep Elf Wizard on Dec 10, 2017.
             Slain by an orc priest (4 damage)
             ... on level 3 of the Dungeon.
             The game lasted 00:03:02 (2029 turns).

Amnesiac the Magician (Deep Elf Wizard)             Turns: 2029, Time: 00:03:03

Health: -2/26      AC:  2    Str:  4    XL:     4   Next: 21%
Magic:  2/13       EV: 13    Int: 24    God:
Gold:   103        SH:  0    Dex: 13    Spells: 13/14 levels left

rFire    . . .     SeeInvis .   (no weapon)
rCold    . . .     Gourm    .   (no shield)
rNeg     . . .     Faith    .   a - +0 robe
rPois    .         Spirit   .   b - +0 hat
rElec    .         Reflect  .   (no cloak)
rCorr    .         Harm     .   (no gloves)
MR       .....                  (no boots)
Stlth    ++........             (no amulet)
HPRegen  0.08/turn              (no ring)
MPRegen  0.13/turn              (no ring)

@: no status effects
A: no striking features
a: no special abilities


You were on level 3 of the Dungeon.
You were not hungry.

You visited 1 branch of the dungeon, and saw 3 of its levels.

You collected 103 gold pieces.

Inventory:

Hand Weapons
 h - a +0 hunting sling
Missiles
 e - a javelin (quivered)
 i - 53 stones
Armour
 a - a +0 robe (worn)
 b - a +0 hat (worn)
Scrolls
 f - 2 scrolls of identify {!r, unknown}
 k - a scroll of enchant armour {!r, unknown}
Potions
 g - a potion of curing {!q, unknown}
 j - a potion of invisibility {!q, unknown}
 l - a potion of heal wounds {!q, unknown}
 m - a potion of cancellation {!q, unknown}
Books
 c - a book of Minor Magic

   Spells                             Type                      Level
   a - Magic Dart                     Conjuration                  1
   b - Blink                          Translocation                2
   c - Call Imp                       Summoning                    2
   d - Slow                           Hexes                        2
   e - Conjure Flame                  Conjuration/Fire             3
   f - Mephitic Cloud                 Conjuration/Poison/Air       3
Comestibles
 d - 3 bread rations
 n - a chunk of flesh


   Skills:
 * Level 2.2 Fighting
 - Level 2.4 Dodging
 - Level 2.4 Stealth
 + Level 5.8 Spellcasting
 - Level 1.1 Conjurations
   Level 1.1 Summonings
   Level 1.1 Translocations


You had 13 spell levels left.
You knew the following spells:

 Your Spells              Type           Power        Failure   Level  Hunger
a - Magic Dart            Conj           ##..         5%          1    None


Dungeon Overview and Level Annotations

Branches:
Dungeon (3/15)

Altars:
Hepliaklqana

Annotations:
D:3 Ijyb


Message History

Press: ? - help, Shift-Dir - straight line, f/p - orc priest
Aim: an orc priest, wearing a ring mail (moderately wounded)
The magic dart hits the orc priest.
The orc priest is heavily wounded.
The orc priest closely misses you.
Casting: Magic Dart
Confirm with . or Enter, or press ? or * to list all spells.
Aiming: Magic Dart
Press: ? - help, Shift-Dir - straight line, f/p - orc priest
Aim: an orc priest, wearing a ring mail (heavily wounded)
The magic dart hits the orc priest.
The orc priest is severely wounded.
The orc priest closely misses you.
The gnoll hits you from afar with a halberd.
Casting: Magic Dart
Confirm with . or Enter, or press ? or * to list all spells.
Aiming: Magic Dart
Press: ? - help, Shift-Dir - straight line, f/p - orc priest
Aim: an orc priest, wearing a ring mail (severely wounded)
The magic dart hits the orc priest.
The orc priest is severely wounded.
The orc priest closely misses you.
The gnoll hits you from afar with a halberd!
* * * LOW HITPOINT WARNING * * *
Casting: Magic Dart
Confirm with . or Enter, or press ? or * to list all spells.
Aiming: Magic Dart
Press: ? - help, Shift-Dir - straight line, f/p - orc priest
Aim: an orc priest, wearing a ring mail (severely wounded)
The magic dart hits the orc priest.
The orc priest is severely wounded.
The orc priest misses you.
Unknown command.
Casting: Magic Dart
Confirm with . or Enter, or press ? or * to list all spells.
Aiming: Magic Dart
Press: ? - help, Shift-Dir - straight line, f/p - orc priest
Aim: an orc priest, wearing a ring mail (severely wounded)
The magic dart hits the orc priest.
The orc priest is severely wounded.
The gnoll hits you from afar with a halberd!
* * * LOW HITPOINT WARNING * * *
The orc priest hits you but does no damage.
Unknown command.
Okay, then.
Casting: Magic Dart
Confirm with . or Enter, or press ? or * to list all spells.
Aiming: Magic Dart
Press: ? - help, Shift-Dir - straight line, f/p - orc priest
Aim: an orc priest, wearing a ring mail (severely wounded)
The magic dart hits the orc priest.
The orc priest is severely wounded.
The gnoll closely misses you. The orc priest hits you.
* * * LOW HITPOINT WARNING * * *
Unknown command.
Casting: Magic Dart
Confirm with . or Enter, or press ? or * to list all spells.
Aiming: Magic Dart
Press: ? - help, Shift-Dir - straight line, f/p - orc priest
Aim: an orc priest, wearing a ring mail (severely wounded)
The magic dart hits the orc priest.
The orc priest is severely wounded.
The gnoll closely misses you. The orc priest hits you.
You die...

###.8.8. ..# #.##...##.#
#...... ... #..........
#..#.# #.# #.##.†.####
##....# #.# #.###.##
##.....## #.## #.# #.#
#...)...# #..####.###.###
##.....## #.......#.....#
##....######..######.###.##
##.#......@o.# #..# ...
#.#########g# #..###.#.#
#.# #.## #......#.# #†#
#.#g####.##.###$# ###.#.#
.g###...g........ #.....#
#..# #.####......>.
#.##.###...... ..o
#.###.##. #....# #####.gg..
#.# # ###### #..... .†#


You could see an orc priest and a gnoll.

Vanquished Creatures
  A gnoll (D:3)
  3 adders
  An ooze (D:1)
  3 ball pythons
  3 bats (D:1)
  3 bat skeletons (D:2)
  2 bat zombies (D:2)
  A giant cockroach (D:2)
  4 hobgoblins
  4 jackals (D:3)
  A quokka (D:3)
  4 frilled lizards
  6 goblins
  A kobold (D:1)
  A rat (D:1)
38 creatures vanquished.

Notes
Turn   | Place    | Note
-------+----------+-------------------------------------------
     0 | D:1      | Amnesiac the Deep Elf Wizard began the quest for the Orb.
     0 | D:1      | Reached XP level 1. HP: 10/10 MP: 7/7
   120 | D:1      | Reached skill level 5 in Spellcasting
   291 | D:1      | Reached XP level 2. HP: 15/15 MP: 8/10
   909 | D:2      | Reached skill level 1 in Fighting
   950 | D:2      | Reached XP level 3. HP: 20/20 MP: 6/11
  1000 | D:2      | Found a hazy altar of Hepliaklqana.
  1760 | D:3      | Noticed Ijyb
  1945 | D:3      | Reached XP level 4. HP: 26/26 MP: 5/13
  2029 | D:3      | Slain by an orc priest

Vault maps used:
D:1:      dpeg_arrival_central, glass_columns_b
D:2:      lemuel_crystal_altar, kennysheep_vampire_church, first_bread
D:3:      eat_drink_and_be_merry_uskayaw, kennysheep_okawaru_gauntlet, uniq_ijyb

Skill      XL: |  1  2  3 |
---------------+----------+-----
Spellcasting   | 5 |  5.8
Fighting       | 1 2 |  2.2
Dodging        | |  2.4
Stealth        | |  2.4
Conjurations   | |  1.1
Summonings     | |  1.1
Translocations | |  1.1

Action                   |  1- 3 |  4- 6 || total
-------------------------+-------+-------++-------
Throw: Javelin           |    37 |     2 ||    39
       Stone             |     3 |       ||     3
 Cast: Magic Dart        |    76 |    15 ||    91
  Eat: Chunk             |     3 |       ||     3
Armor: Robe              |    32 |     1 ||    33
Dodge: Dodged            |    80 |     6 ||    86

Table legend:
 A = Spawn XP
 B = Non-spawn XP
 C = Spawn XP percentage of total XP
 D = Spawn monster count
 E = Non-spawn monster count
 F = Spawn count percentage of total count
 G = Total turns spent on level
                    A         B        C        D         E        F      G
               +---------+---------+-------+---------+---------+-------+---------
         Total |       0 |     118 |   0.0 |       0 |      38 |   0.0 |  2029
               +---------+---------+-------+---------+---------+-------+---------
           D:1 |       0 |      29 |   0.0 |       0 |      15 |   0.0 |   882
           D:2 |       0 |      46 |   0.0 |       0 |      13 |   0.0 |   901
           D:3 |       0 |      43 |   0.0 |       0 |      10 |   0.0 |   246
               +---------+---------+-------+---------+---------+-------+---------
